 Dungeon Crawl Stone Soup version 0.27-a0-1287-gca74d27db6 (webtiles) character file.

Game seed: 16638722958408376511

1865 deletemesenpai the Blocker (level 9, -2/74 HPs)
             Began as a Hill Orc Fighter on June 15, 2021.
             Was a Follower of Beogh.
             Slain by a killer bee (7 damage)
             ... on level 6 of the Dungeon.
             The game lasted 00:18:05 (8609 turns).

deletemesenpai the Blocker (Hill Orc Fighter)       Turns: 8609, Time: 00:18:05

Health: -2/74      AC: 11    Str: 22    XL:     9   Next: 13%
Magic:  9/9        EV:  6    Int:  8    God:    Beogh [*.....]
Gold:   663        SH: 11    Dex: 10    Spells: 8/8 levels left

rFire    . . .     SeeInvis .   h - +0 flail (drain)
rCold    . . .     Faith    .   c - +0 kite shield
rNeg     . . .     Spirit   .   j - +0 chain mail
rPois    .         Reflect  .   (no helmet)
rElec    .         Harm     .   (no cloak)
rCorr    .         Rampage  .   (no gloves)
Will     .....                  f - +0 pair of boots
Stlth    ..........             (no amulet)
HPRegen  0.22/turn              (no ring)
MPRegen  0.11/turn              (no ring)

@: lethally poisoned (-2 -> -13)
A: no striking features
a: Renounce Religion


You were on level 6 of the Dungeon.
You worshipped Beogh.
Beogh was aware of your devotion.
You visited 1 branch of the dungeon, and saw 7 of its levels.

You collected 663 gold pieces.

Inventory:

Hand Weapons
 a - a +0 war axe
 g - a +0 vorpal spear
 h - a +0 flail of draining (weapon)
 F - a +1 hunting sling of freezing
Missiles
 k - 2 throwing nets
 l - 8 boomerangs (quivered)
 E - 25 poisoned darts
Armour
 c - a +0 kite shield (worn)
 f - a +0 pair of boots (worn)
 j - a +0 chain mail (worn)
Jewellery
 o - a ring of flight
 x - a ring of positive energy
 J - a +6 ring of intelligence
Wands
 z - a wand of polymorph (10)
 A - a wand of flame (33)
 B - a wand of paralysis (7)
 C - a wand of digging (5)
 H - a wand of iceblast (8)
Scrolls
 b - 3 scrolls of immolation
 m - a scroll of brand weapon {unknown}
 n - 5 scrolls of magic mapping {unknown}
 p - 2 scrolls of teleportation {unknown}
 q - 2 scrolls of enchant armour {unknown}
 r - a scroll of fog {unknown}
 v - a scroll of holy word {unknown}
 w - a scroll of summoning {unknown}
 y - 2 scrolls of noise {unknown}
 G - a scroll of vulnerability {unknown}
 I - a scroll of identify
Potions
 d - 2 potions of might
 e - 3 potions of curing
 i - 2 potions of mutation
 t - a potion of attraction
 u - a potion of haste
 D - a potion of brilliance {unknown}


   Skills:
 + Level 5.5 Fighting
 * Level 5.3(7.1) Axes
 + Level 5.0(5.8) Maces & Flails
 + Level 3.0(4.2) Polearms
 + Level 6.5 Armour
 * Level 8.3 Shields


You had 8 spell levels left.
You didn't know any spells.
Your spell library contained the following spells:

 Spells                   Type           Power      Damage    Failure   Level
 Magic Dart               Conj           0%         1d3       100%        1
 Searing Ray              Conj           0%         3d3       100%        2
 Dazzling Flash           Conj/Hex       0%         N/A       100%        3
 Fulminant Prism          Conj/Hex       0%         3d6       100%        4
 Iskenderun's Mystic Bla  Conj/Tloc      0%         2d3       100%        4


Dungeon Overview and Level Annotations

Branches:
Dungeon (7/15)             Temple (0/1) D:6

Altars:
Hepliaklqana
Xom
Zin


Message History

There is a stone staircase leading up here.
The killer bee stings you but does no damage.
You block the killer bee's attack.
The killer bee stings you but does no damage.
The killer bee barely misses you.
You climb upwards.
There is a stone staircase leading down here.
You feel much better. The killer bee stings you.
You block the killer bee's attack. x2
The killer bee stings you but does no damage.
You hit the killer bee.
The killer bee is moderately wounded.
The killer bee stings you but does no damage.
You block the killer bee's attack. x2; The killer bee barely misses you.
You block the killer bee's attack.
You miss the killer bee.
The killer bee is moderately wounded.
You block the killer bee's attack.
The killer bee stings you but does no damage.
The killer bee barely misses you. You block the killer bee's attack.
The killer bee stings you but does no damage.
You miss the killer bee.
The killer bee is moderately wounded.
You block the killer bee's attack. The killer bee stings you.
* * * LOW HITPOINT WARNING * * *
You are poisoned.
The killer bee poisons you! The killer bee barely misses you. x2
The killer bee stings you.
* * * LOW HITPOINT WARNING * * *
You are more poisoned.
The killer bee poisons you!
You miss the killer bee.
The killer bee is moderately wounded.
* * * LOW HITPOINT WARNING * * *
You feel very sick.
The killer bee stings you but does no damage.
You block the killer bee's attack. The killer bee stings you!
* * * LOW HITPOINT WARNING * * *
The killer bee stings you!
You die...

.##...#....###<###...............
.##.....#..#...# ###...###.......
........##.#..####....##.........
#.....#.#.......#................
..##..#.....##...................
............##...................
.................................
....#..........y.y...............
#...#...........@.#..............
#.#............####....).........
#.#.............# ##.............
...............## ##..[).....##.
......#.........####....<......#.
.....##...[.#.#.#.#.#.......##...
.....##...............)....####.#
...#..#.....#.......#......######
..##...........(...........##.##≈


You could see 2 killer bees.

Vanquished Creatures
  An ice beast (D:5)
  2 black bears (D:5)
  3 ogres
  2 centaurs
  A phantom (D:5)
  Blork the orc (D:5)
  A bullfrog (D:6)
  A scorpion (D:4)
  A water moccasin zombie (D:5)
  2 water moccasin skeletons
  3 wights
  A howler monkey (D:5)
  A centaur zombie (D:6)
  2 hounds
  3 jellies
  An orc priest (D:6)
  A bullfrog skeleton (D:6)
  2 orc wizards
  3 iguanas
  A killer bee zombie (D:6)
  A hound zombie (D:5)
  4 gnolls
  A howler monkey skeleton (D:4)
  4 adders
  A shadow imp (D:5)
  A white imp (D:6)
  An adder skeleton (D:5)
  2 worms
  3 dart slugs
  14 orcs
  7 endoplasms
  4 giant cockroaches
  9 hobgoblins
  5 jackals
  5 quokkas
  5 ball pythons
  9 bats
  A frilled lizard (D:3)
  11 goblins
  6 kobolds
  A quokka skeleton (D:4)
  3 rats
131 creatures vanquished.

Vanquished Creatures (others)
  A gnoll (D:4)
  3 orcs (D:4)
  A goblin (D:4)
  A jackal (D:4)
6 creatures vanquished.

Grand Total: 137 creatures vanquished

Notes
Turn   | Place    | Note
-------+----------+-------------------------------------------
     0 | D:1      | deletemesenpai the Hill Orc Fighter began the quest for the
                  | Orb.
     0 | D:1      | Reached XP level 1. HP: 19/19 MP: 1/1
   240 | D:1      | Reached XP level 2. HP: 24/27 MP: 2/2
   560 | D:1      | Reached XP level 3. HP: 33/33 MP: 3/3
  1445 | D:3      | Reached skill level 4 in Shields
  1530 | D:3      | Reached XP level 4. HP: 36/40 MP: 4/4
  1785 | D:3      | Reached skill level 1 in Polearms
  1863 | D:3      | Found a faded altar of an unknown god.
  2183 | D:4      | Noticed a centaur
  2204 | D:4      | Reached XP level 5. HP: 35/46 MP: 5/5
  2218 | D:4      | Killed a centaur
  2542 | D:4      | Found a shimmering altar of Xom.
  2543 | D:4      | Found a hazy altar of Hepliaklqana.
  2544 | D:4      | Noticed a spectral ugly thing
  2928 | D:4      | Found a glowing silver altar of Zin.
  2982 | D:4      | Reached XP level 6. HP: 52/52 MP: 6/6
  3183 | D:4      | Reached skill level 5 in Shields
  3559 | D:4      | Reached skill level 5 in Axes
  3925 | D:4      | Noticed Eustachio
  3930 | D:4      | Noticed Eustachio
  3930 | D:4      | Eustachio changed into Eustachio the iguana
  3939 | D:4      | Killed Eustachio the iguana
  4175 | D:4      | Reached XP level 7. HP: 26/60 MP: 7/7
  4433 | D:4      | Became a worshipper of Beogh the Brigand
  4538 | D:4      | Reached skill level 5 in Armour
  5137 | D:5      | Entered Level 5 of the Dungeon
  5214 | D:5      | Reached skill level 1 in Maces & Flails
  5450 | D:5      | Reached skill level 6 in Shields
  5631 | D:5      | Reached skill level 5 in Fighting
  5631 | D:5      | Reached XP level 8. HP: 62/68 MP: 8/8
  5753 | D:5      | Noticed Blork the orc
  5771 | D:5      | Killed Blork the orc
  5771 | D:5      | Reached * piety under Beogh
  6015 | D:5      | Reached skill level 7 in Shields
  6829 | D:5      | HP: 2/63 [wight (4)]
  7793 | D:6      | Reached skill level 8 in Shields
  7793 | D:6      | Reached XP level 9. HP: 21/74 MP: 9/9
  8147 | D:6      | Reached skill level 5 in Maces & Flails
  8253 | D:6      | Found a staircase to the Ecumenical Temple.
  8609 | D:6      | Slain by a killer bee

Illustrated notes

Levels and vault maps discovered:
D:1:      wander_arrival_desolate, layout_rooms, minmay_split_cup_large
D:2:      layout_basic
D:3:      layout_basic, hellmonk_ecumenical_altar_blasted,
          minmay_close_crescents
D:4:      minmay_polygon_palace, layout_loops_ring,
          regret_index_temple_of_mockery, kennysheep_mini_moat, uniq_eustachio
D:5:      layout_layer_cave, uniq_blork_the_orc
D:6:      layout_cave_pools, minmay_temple_entry_statues_pillars, st_stairs_4,
          kennysheep_small_circle
D:7:      layout_loops_ring, nicolae_dithmenos_the_darkroom,
          nicolae_ossuary_entry_giza, minmay_hollow_rounded_squares

Skill      XL: |  1  2  3  4  5  6  7  8  9 |
---------------+----------------------------+-----
Axes           | 3 4 5 |  5.3
Fighting       | 4 5 |  5.5
Shields        | 4 5 6 8 |  8.3
Polearms       | 1 2 3 |  3.0
Armour         | 4 5 6 |  6.5
Maces & Flails | 2 4 5 |  5.0

Action                   |  1- 3 |  4- 6 |  7- 9 || total
-------------------------+-------+-------+-------++-------
Melee: War axe           |    94 |    76 |       ||   170
       Spear             |       |    90 |    41 ||   131
       Flail             |       |       |   255 ||   255
Throw: Throwing net      |       |     2 |       ||     2
Invok: Convert to Beogh  |       |       |     1 ||     1
Evoke: Wand              |       |     2 |       ||     2
  Use: Potion            |       |     2 |     2 ||     4
       Scroll            |       |     4 |       ||     4
Armor: Scale mail        |    30 |       |       ||    30
       Chain mail        |    28 |   104 |   216 ||   348
Dodge: Dodged            |    27 |    42 |    95 ||   164
Block: Kite shield       |    56 |   101 |   235 ||   392

Table legend: (Time is in decaauts)
 A = Elapsed time spent in this place.
 B = Non-inter-level travel time spent in this place.
 C = Inter-level travel time spent in this place.
 D = Time resting spent in this place.
 E = Time spent auto-exploring this place.
 F = Levels seen in this place.
 G = Mean time per level.
                   A        B        C        D        E       F      G
               +--------+--------+--------+--------+--------+-----+--------+
         Total |   8808 |   8576 |    232 |   2974 |   3478 |   7 | 1258.3 |
       Dungeon |   8808 |   8576 |    232 |   2974 |   3478 |   7 | 1258.3 |
               +--------+--------+--------+--------+--------+-----+--------+

Top non-repeatable levels by time:
     D:4: 2805 daAuts
     D:5: 2748 daAuts
     D:3: 1032 daAuts
     D:1: 731 daAuts
     D:6: 699 daAuts
     D:2: 684 daAuts
     D:7: 106 daAuts
